 Dungeon Crawl Stone Soup version 0.28-a0-1505-g8c907de6ad (webtiles) character file.

Game seed: 8529895109092731309

95 Arum the Gusty (level 4, -10/24 HPs)
             Began as a Tengu Air Elementalist on Jan 13, 2022.
             Mangled by a gnoll (11 damage)
             ... on level 3 of the Dungeon.
             The game lasted 00:05:44 (3325 turns).

Arum the Gusty (Tengu Air Elementalist)             Turns: 3325, Time: 00:05:46

Health: -10/24     AC:  2    Str:  9    XL:     4   Next: 65%
Magic:  0/10       EV: 12    Int: 17    God:
Gold:   90         SH:  0    Dex: 14    Spells: 8/9 levels left

rFire   . . .      SeeInvis .   c - +2 dagger (venom)
rCold   . . .      Faith    .   (no shield)
rNeg    . . .      Spirit   .   a - +0 robe
rPois   .          Reflect  .   (helmet restricted)
rElec   .          Harm     .   (no cloak)
rCorr   .          Rampage  .   (no gloves)
Will    .....                   (boots unavailable)
Stlth   ++........              (no amulet)
HPRegen 0.08/turn               (no ring)
MPRegen 0.12/turn               (no ring)

@: no status effects
A: beak, talons 3
a: no special abilities


You were on level 3 of the Dungeon.
You visited 1 branch of the dungeon, and saw 3 of its levels.

You collected 90 gold pieces.

Inventory:

Hand Weapons
 b - a +0 hand axe
 c - a +2 dagger of venom (weapon)
 q - a +2 dagger of chaos
Armour
 a - a +0 robe (worn)
 p - a +0 cloak
Scrolls
 d - a scroll of vulnerability {unknown}
 e - 2 scrolls of identify {unknown}
 g - a scroll of holy word {unknown}
 i - a scroll of torment {unknown}
 j - a scroll of teleportation {unknown}
 k - a scroll of enchant armour {unknown}
 n - a scroll of fear {unknown}
 o - a scroll of noise {unknown}
Potions
 f - a potion of haste
 l - a potion of degeneration {unknown}
 m - a potion of flight {unknown}
 r - a potion of attraction {unknown}


   Skills:
 - Level 2.1 Dodging
 - Level 2.0 Stealth
 * Level 3.4 Spellcasting
 + Level 2.9 Conjurations
 + Level 4.9 Air Magic


You had 8 spell levels left.
You knew the following spells:

 Your Spells              Type           Power      Damage    Failure   Level
a - Shock                 Conj/Air       64%        1d7       3%          1

Your spell library contained the following spells:

 Spells                   Type           Power      Damage    Failure   Level
 Static Discharge         Conj/Air       16%        N/A       4%          2
 Swiftness                Air            19%        N/A       7%          3
 Airstrike                Air            9%         N/A       22%         4


Dungeon Overview and Level Annotations

Branches:
Dungeon (3/15)

Altars:
Okawaru
Xom

Shops:
D:3 [[[


Innate Abilities, Weirdness & Mutations

You have a beak for a mouth.
You have claws for feet.


Message History

The gnoll is moderately wounded.
The gnoll hits you from afar with a +0 spear.
A gnoll comes into view. It is wielding a +0 halberd.
The zap hits the gnoll.
You kill the gnoll!
The zap hits the gnoll.
The gnoll is heavily wounded.
The zap misses the gnoll.
The zap misses the gnoll.
The zap hits the gnoll.
The gnoll is lightly wounded.
The zap hits the gnoll.
The gnoll is severely wounded.
The zap hits the gnoll.
The gnoll is heavily wounded.
The gnoll throws a throwing net.
The throwing net closely misses you.
The zap hits the gnoll.
You kill the gnoll!
The zap hits the gnoll.
The gnoll is severely wounded.
You are too depleted to draw on your mana recklessly!
You start resting.
A gnoll is nearby!
The gnoll misses you. The gnoll hits you with a +0 halberd!
Ouch! That really hurt!
* * * LOW HITPOINT WARNING * * *
You see here a kobold skeleton.
You closely miss the gnoll. Your kick misses the gnoll.
The gnoll is severely wounded.
The gnoll hits you with a +0 halberd.
* * * LOW HITPOINT WARNING * * *
Casting: Shock (safe; 3% risk of failure)
Confirm with . or Enter, or press ? or * to list all spells.
Aiming: Shock (safe; 3% risk of failure)
Press: ? - help, Shift-Dir - straight line, f - gnoll
Aim: a gnoll, wielding a +0 halberd (severely wounded, 75% to hit)
The zap hits the gnoll.
The gnoll is almost dead.
The gnoll hits you with a +0 halberd!
You die...

.#.#......#.#.....##)
.............##.#....
#........)..#.......
†..#.##..........#
#.##[............#
.[#####..##)...#.######.#
#######..###....∩..÷.....
####.....#####.#.#######..
##........# #(.@..))÷)...
#..#####..# ###g#######..
..##.####.## #.# #
###..##..# #.....#
###.....##.# #.#....#
§##....).'.# #.....##
§§#§§_...'.# #.. .##
§.§§§...##.# ......
.§##§§..#..# .... ##


You could see a gnoll.

Vanquished Creatures
  2 gnolls (D:3)
  An adder (D:3)
  2 dart slugs (D:3)
  An orc (D:3)
  3 bats
  6 endoplasms
  2 giant cockroaches
  5 hobgoblins
  3 jackals (D:1)
  12 kobolds
  2 ball pythons
  2 frilled lizards
  3 goblins
  16 rats
60 creatures vanquished.

Notes
Turn   | Place    | Note
-------+----------+-------------------------------------------
     0 | D:1      | Arum the Tengu Air Elementalist began the quest for the
                  | Orb.
     0 | D:1      | Reached XP level 1. HP: 10/10 MP: 4/4
   302 | D:1      | Reached XP level 2. HP: 15/15 MP: 4/6
   629 | D:1      | Found a faded altar of an unknown god.
  1393 | D:1      | Reached XP level 3. HP: 19/19 MP: 6/8
  2421 | D:3      | Found Qeheil's Armour Shop.
  2501 | D:3      | Found Vuroanym's Antique Armour Shoppe.
  2734 | D:3      | Found an iron altar of Okawaru.
  2884 | D:3      | Found a large runed translucent door.
  2884 | D:3      | Found a large runed translucent door.
  2885 | D:3      | Found a shimmering altar of Xom.
  2948 | D:3      | Reached XP level 4. HP: 21/24 MP: 7/9
  2996 | D:3      | Found Xoesk's Antique Armour Emporium.
  3324 | D:3      | HP: 1/24 [gnoll (3)]
  3325 | D:3      | Mangled by a gnoll

Illustrated notes

Levels and vault maps discovered:
D:1:      arrival_zaba_pyramid, layout_basic,
          hellmonk_ecumenical_altar_dog_temple, minmay_rat_gold_closets
D:2:      layout_loops_ring
D:3:      due_chaos_kobolds, layout_loops_ring, nicolae_overflow_hidden_temple,
          serial_shops, shop_fountains, shop, nicolae_shop_window_shopping,
          corexii_leaking_fountain, nicolae_figureground_sparkle

Skill      XL: |  1  2  3 |
---------------+----------+-----
Conjurations   | 2 |  2.9
Spellcasting   | 3 |  3.4
Dodging        | |  2.1
Stealth        | |  2.0
Air Magic      | |  4.9

Action                   |  1- 3 |  4- 6 || total
-------------------------+-------+-------++-------
Melee: Hand axe          |     4 |       ||     4
       Kick              |     6 |     2 ||     8
       Peck              |     2 |     4 ||     6
       Dagger            |     5 |     7 ||    12
 Cast: Shock             |    85 |    26 ||   111
  Use: Potion            |       |     2 ||     2
Armor: Robe              |     3 |       ||     3
Dodge: Dodged            |    13 |     5 ||    18

Table legend: (Time is in decaauts)
 A = Elapsed time spent in this place.
 B = Non-inter-level travel time spent in this place.
 C = Inter-level travel time spent in this place.
 D = Time resting spent in this place.
 E = Time spent auto-exploring this place.
 F = Levels seen in this place.
 G = Mean time per level.
                   A        B        C        D        E       F      G
               +--------+--------+--------+--------+--------+-----+--------+
         Total |   3304 |   3255 |     49 |    372 |   2536 |   3 | 1101.3 |
       Dungeon |   3304 |   3255 |     49 |    372 |   2536 |   3 | 1101.3 |
               +--------+--------+--------+--------+--------+-----+--------+

Top non-repeatable levels by time:
     D:1: 1695 daAuts
     D:3: 970 daAuts
     D:2: 638 daAuts
